 Dungeon Crawl Stone Soup version 0.18-b1-2-gd0c887e (webtiles) character file.

144 RudyRod the Firebug (level 5, 0/36 HPs)
             Began as a Demonspawn Fire Elementalist on Apr 28, 2016.
             Slain by a giant gecko (4 damage)
             ... on level 3 of the Dungeon.
             The game lasted 00:18:09 (2862 turns).

RudyRod the Firebug (Demonspawn Fire Elementalist)  Turns: 2862, Time: 00:18:09

Health: 0/36       AC:  4    Str:  8    XL:     5   Next: 5%
Magic:  0/9        EV: 12    Int: 18    God:
Gold:   122        SH:  0    Dex: 13    Spells: 2 memorised, 7 levels left

rFire  + . .     SeeInvis .     j - +1 whip (drain)
rCold  + . .     Gourm    .     a - +0 robe
rNeg   . . .     Faith    .     (no shield)
rPois  +         Spirit   .     (no helmet)
rElec  +         Dismiss  .     (no cloak)
rCorr  +         Reflect  .     (no gloves)
SustAt .         Harm     .     (no boots)
MR     .....                    (no amulet)
Stlth  ++........               (no ring)
                                (no ring)

@: resistant, very slightly contaminated, not resistant to hostile enchantments,
unstealthy
A: yellow scales 1
a: no special abilities


You were on level 3 of the Dungeon.
You were very hungry.

You visited 1 branch of the dungeon, and saw 3 of its levels.

You collected 122 gold pieces.

Inventory:

Hand Weapons
 e - a +0 whip
 j - a +1 whip of draining (weapon)
Missiles
 h - 8 javelins (quivered)
Armour
 a - a +0 robe (worn)
Scrolls
 f - a scroll of identify
 g - a scroll of immolation
 k - 2 scrolls of remove curse
 l - a scroll of teleportation {unknown}
Potions
 d - a potion of curing
Books
 b - a book of Flames

   Spells                             Type                      Level
   a - Flame Tongue                   Conjuration/Fire             1
   b - Throw Flame                    Conjuration/Fire             2
   c - Conjure Flame                  Conjuration/Fire             3
   d - Inner Flame                    Hexes/Fire                   3
   e - Sticky Flame                   Conjuration/Fire             4
   f - Fireball                       Conjuration/Fire             5
Comestibles
 c - 4 bread rations


   Skills:
 + Level 0.8 Fighting
 + Level 0.3 Maces & Flails
 + Level 2.3 Dodging
 + Level 2.3 Stealth
 + Level 3.0 Spellcasting
 + Level 1.6 Conjurations
 * Level 3.7 Fire Magic


You had 7 spell levels left.
You knew the following spells:

 Your Spells              Type           Power        Failure   Level  Hunger
a - Flame Tongue          Conj/Fire      ##...        8%          1    None
b - Throw Flame           Conj/Fire      ##....       12%         2    ##.....


Dungeon Overview and Level Annotations

Branches:
Dungeon (3/15)

Altars:
Sif Muna

Annotations:
D:3 warlockg3's ghost, amateur GrIE


Innate Abilities, Weirdness & Mutations

You are partially covered in yellow scales (AC +2).


Message History

The giant gecko bites you. Warlockg3's ghost hits you.
You hit warlockg3's ghost but do no damage.
Warlockg3's ghost is severely damaged.
The giant gecko bites you. Warlockg3's ghost hits you!
The giant gecko misses you.
Drink which item? (? for menu, Esc to quit)
It was a potion of resistance.
You feel protected. The giant gecko closely misses you.
Warlockg3's ghost gestures at you while chanting.
You are frozen.
* * * LOW HITPOINT WARNING * * *
Unknown command.
You barely miss warlockg3's ghost.
Warlockg3's ghost is severely damaged.
The giant gecko barely misses you. Warlockg3's ghost hits you.
* * * LOW HITPOINT WARNING * * *
The giant gecko bites you but does no damage.
The giant gecko bites you.
You die...

#.#.#.......#
#...l..).#.#
#.#.
#....#.#)# ..
.....
#....#.#.#
##.....
#....#.#.#
......
##.#.#.#.#
.#..
#.#.#.#.###..#
#.#.#.#.##..#
#.#......@.##
#.###.####lW#
#. #.# ##..#
#. #.# #.#.#
#># #.### ...
..# #.# >.#
#.# ..# #...


You could see warlockg3's ghost and a giant gecko.

Vanquished Creatures
  Jessica (D:2)
  5 gnolls
  2 adders (D:2)
  An ooze (D:1)
  3 dart slugs
  A giant gecko (D:1)
  An orc (D:3)
  A ball python (D:2)
  2 bats
  2 giant cockroaches (D:1)
  8 goblins
  3 hobgoblins
  4 jackals (D:1)
  6 giant newts
  2 kobolds
  2 rats (D:1)
44 creatures vanquished.

Notes
Turn   | Place    | Note
--------------------------------------------------------------
     0 | D:1      | RudyRod the Demonspawn Fire Elementalist began the quest for the Orb.
     0 | D:1      | Reached XP level 1. HP: 13/13 MP: 3/3
   355 | D:1      | Gained mutation: You are partially covered in yellow scales (AC +2). [demonic ancestry]
   355 | D:1      | Reached XP level 2. HP: 7/19 MP: 0/5
  1128 | D:1      | Reached XP level 3. HP: 22/24 MP: 0/6
  1401 | D:1      | Learned a level 2 spell: Throw Flame
  1420 | D:2      | Reached XP level 4. HP: 30/30 MP: 0/8
  1688 | D:2      | Noticed Jessica
  1692 | D:2      | Killed Jessica
  2181 | D:2      | Reached XP level 5. HP: 10/36 MP: 0/9
  2675 | D:2      | Found a deep blue altar of Sif Muna.
  2845 | D:3      | Noticed warlockg3's ghost (amateur GrIE)
  2862 | D:3      | Slain by a giant gecko

Skill      XL: |  1  2  3  4 |
---------------+-------------+-----
Fire Magic     | 3 |  3.7
Dodging        | 2 |  2.3
Stealth        | 2 |  2.3
Spellcasting   | 3 |  3.0
Fighting       | |  0.8
Maces & Flails | |  0.3
Conjurations   | |  1.6

Action                   |  1- 3 |  4- 6 || total
-------------------------+-------+-------++-------
Melee: Whip              |    22 |    22 ||    44
 Cast: Flame Tongue      |    39 |    17 ||    56
       Throw Flame       |     1 |    13 ||    14
  Use: Potion            |     4 |     2 ||     6
       Scroll            |       |     3 ||     3
  Eat: Chunk             |     2 |     4 ||     6
Armor: Robe              |    12 |     5 ||    17
Dodge: Dodged            |    25 |    26 ||    51
